 Dungeon Crawl Stone Soup version 0.30-a0-639-g3916f1956a (webtiles) character file.

Game seed: 10833231431822087945

548 pokeman the Magician (level 7, 0/39 HPs)
             Began as a Deep Elf Hedge Wizard on Jan 15, 2023.
             Splashed by a jelly's acid (9 damage)
             ... on level 4 of the Dungeon.
             The game lasted 00:07:15 (4982 turns).

pokeman the Magician (Deep Elf Hedge Wizard)        Turns: 4982, Time: 00:07:16

Health: 0/39       AC:  0    Str:  7    XL:     7   Next: 7%
Magic:  10/20      EV: 12    Int: 21    God:
Gold:   136        SH:  0    Dex: 14    Spells: 13/21 levels left

rFire   . . .      SeeInvis .    q - +2 trident (venom)
rCold   . . .      Faith    .    (no shield)
rNeg    . . .      Spirit   .    t - +3 leather armour
rPois   +          Reflect  .    c - +0 hat
rElec   .          Harm     .    (no cloak)
rCorr   .          Rampage  .    m - +0 pair of gloves
Will    .....                    (no boots)
Stlth   ++                       (no amulet)
HPRegen 0.26/turn                g - ring of poison resistance
MPRegen 0.17/turn                (no ring)

@: corroded, on blink cooldown, very slightly contaminated
A: no striking features
a: no special abilities


You were on level 4 of the Dungeon.
You visited 1 branch of the dungeon, and saw 5 of its levels.

You collected 136 gold pieces.

Inventory:

Hand Weapons
 a - a +2 dagger of electrocution
 q - a +2 trident of venom (weapon)
Armour
 c - a +0 hat (worn)
 m - a +0 pair of gloves (worn)
 n - a +0 buckler
 t - a +3 leather armour (worn)
Jewellery
 g - a ring of poison resistance (left hand)
 h - a ring of fire
Scrolls
 b - a scroll of fog {unknown}
 e - 3 scrolls of identify {unknown}
 f - a scroll of amnesia {unknown}
 j - a scroll of teleportation {unknown}
 k - 4 scrolls of poison {unknown}
 r - a scroll of fear {unknown}
Potions
 d - 2 potions of magic
 i - 5 potions of attraction {unknown}
 l - a potion of invisibility {unknown}
 o - a potion of brilliance {unknown}
 p - 2 potions of lignification {unknown}
 s - 2 potions of mutation {unknown}


   Skills:
 + Level 1.7 Fighting
 - Level 1.0 Armour
 - Level 3.1 Dodging
 - Level 3.0 Stealth
 - Level 1.1 Shields
 * Level 7.6 Spellcasting
 + Level 3.6 Conjurations
 + Level 1.8 Summonings
 - Level 1.1 Translocations
 - Level 1.0 Air Magic
 - Level 1.0 Poison Magic


You had 13 spell levels left.
You knew the following spells:

 Your Spells              Type           Power      Damage    Failure   Level
a - Magic Dart            Conj           92%        1d7       2%          1
b - Mephitic Cloud        Conj/Pois/Air  16%        N/A       16%         3
c - Call Imp              Summ           15%        N/A       9%          2
d - Blink                 Tloc           24%        N/A       12%         2

Your spell library contained the following spells:

 Spells                   Type           Power      Damage    Failure   Level
 Slow                     Hex            32%        N/A       12%         1
 Cigotuvi's Dreadful Rot  Necr/Pois/Air  20%        N/A       14%         2
 Manifold Assault         Tloc           12%        N/A       58%         4
 Storm Form               Tmut/Air       5%         N/A       100%        7


Dungeon Overview and Level Annotations

Branches:
Dungeon (5/15)
 Temple: D:4-7

Altars:
Kikubaaqudgha
Zin


Message History

You climb upwards.
Reactivating autopickup.
There is a stone staircase leading down here.
Unknown command.
Casting: Mephitic Cloud (quite dangerous; 16% risk of failure)
Confirm with . or Enter, or press ? or * to list all spells.
You miscast Blink.
You are very lightly contaminated with residual magic.
Nothing appears to happen.
Something hits you.
Deactivating autopickup; reactivate with Ctrl-A.
The jelly closely misses you.
Casting: Blink (safe; 12% risk of failure)
Confirm with . or Enter, or press ? or * to list all spells.
You blink.
Casting: Blink (safe; 12% risk of failure)
Confirm with . or Enter, or press ? or * to list all spells.
Aiming: Magic Dart (safe; 2% risk of failure)
Press: ? - help, Shift-Dir - straight line, f - jelly
Aim: a jelly (moderately wounded, 100% to hit)
The magic dart hits something but does no damage.
A magic dart appears from out of thin air!
The magic dart hits you.
Casting: Magic Dart (safe; 2% risk of failure)
Confirm with . or Enter, or press ? or * to list all spells.
Aiming: Magic Dart (safe; 2% risk of failure)
Press: ? - help, Shift-Dir - straight line, f/p - jelly
Aim: a jelly (moderately wounded, 100% to hit)
The magic dart hits the jelly.
The jelly is heavily wounded.
Casting: Magic Dart (safe; 2% risk of failure)
Confirm with . or Enter, or press ? or * to list all spells.
Aiming: Magic Dart (safe; 2% risk of failure)
Press: ? - help, Shift-Dir - straight line, f/p - jelly
Aim: a jelly (heavily wounded, 100% to hit)
The magic dart hits the jelly.
The jelly is heavily wounded.
Something hits you. The jelly hits you.
* * * LOW HITPOINT WARNING * * *
The acid corrodes you!
You are splashed with acid!
You die...

#..........##..###.....##
##.......#..#..#.........
##....###...............
###.###................
#..#................. ###
#>..................#
####.##
##........###.......#
#.###.####...J....#
###.....#
##.##.......@.....#
##..##..#
##...)##......##.###...###..
##..###.....####......####.
##.####....####..#....###.
#..# #....##......##..#.#
##.###...........####...#
#..#....####.##..# #...#
#....#.## #.###.####...
##.####.# #..##..##..##


You could see a jelly.

Vanquished Creatures
  A phantom (D:4)
  A gnoll sergeant (D:4)
  A scorpion (D:4)
  A howler monkey (D:4)
  A jelly (D:3)
  2 orc priests
  2 orc wizards
  6 gnolls
  An adder (D:4)
  2 ufetubi (D:4)
  A worm (D:2)
  15 orcs
  4 endoplasms
  2 giant cockroaches (D:2)
  7 goblins
  10 hobgoblins
  2 quokkas
  7 ball pythons
  4 bats
  A frilled lizard (D:2)
  5 kobolds
  2 rats (D:3)
78 creatures vanquished.

Vanquished Creatures (collateral kills)
  An adder (D:3)
  A worm (D:2)
  An orc (D:3)
3 creatures vanquished.

Vanquished Creatures (others)
  An orc (D:5)
1 creature vanquished.

Grand Total: 82 creatures vanquished

Notes
Turn   | Place    | Note
-------+----------+-------------------------------------------
     0 | D:1      | pokeman the Deep Elf Hedge Wizard began the quest for the
                  | Orb.
     0 | D:1      | Reached XP level 1. HP: 10/10 MP: 7/7
   524 | D:1      | Reached XP level 2. HP: 12/16 MP: 0/9
  1356 | D:2      | Reached skill level 5 in Spellcasting
  1439 | D:2      | Reached XP level 3. HP: 10/20 MP: 3/11
  1443 | D:2      | Learned a level 3 spell: Mephitic Cloud
  1446 | D:2      | Learned a level 2 spell: Call Imp
  1449 | D:2      | Learned a level 2 spell: Blink
  1639 | D:2      | Reached skill level 1 in Fighting
  1639 | D:2      | Reached skill level 1 in Armour
  1910 | D:2      | Found a faded altar of an unknown god.
  2272 | D:3      | Reached XP level 4. HP: 22/25 MP: 10/13
  2863 | D:3      | Found a glowing silver altar of Zin.
  2901 | D:3      | Reached skill level 6 in Spellcasting
  2971 | D:3      | Reached XP level 5. HP: 29/29 MP: 9/15
  3050 | D:3      | Found an ancient bone altar of Kikubaaqudgha.
  3370 | D:4      | Reached skill level 1 in Shields
  3370 | D:4      | Reached skill level 1 in Air Magic
  3370 | D:4      | Reached XP level 6. HP: 34/34 MP: 7/17
  4038 | D:4      | Reached skill level 7 in Spellcasting
  4038 | D:4      | Reached skill level 1 in Poison Magic
  4838 | D:5      | Entered Level 5 of the Dungeon
  4858 | D:4      | Reached XP level 7. HP: 18/39 MP: 3/20
  4982 | D:4      | Splashed by a jelly's acid

Illustrated notes

Levels and vault maps discovered:
D:1:      noname_arrival_rooms_in_the_neighbourhood, layout_loops_ring
D:2:      layout_basic, basic_ecumenical_altar
D:3:      layout_rooms, mainiacjoe_overflow_paths, kiku_gazebo_pond_becter
D:4:      layout_layer_cave, lightli_minifort
D:5:      layout_cave_pools, lemuel_mausoleum_altar_yredelemnul,
          mainiacjoe_overflow_two_lobes, serial_shops, shop

Skill      XL: |  1  2  3  4  5  6 |
---------------+-------------------+-----
Spellcasting   | 5 6 7 |  7.6
Fighting       | 1 |  1.7
Armour         | 1 |  1.0
Conjurations   | 2 3 |  3.6
Stealth        | 3 |  3.0
Dodging        | 3 |  3.1
Shields        | 1 |  1.1
Air Magic      | 1 |  1.0
Poison Magic   | 1 |  1.0
Summonings     | |  1.8
Translocations | |  1.1

Action                   |  1- 3 |  4- 6 |  7- 9 || total
-------------------------+-------+-------+-------++-------
Melee: Dagger            |    13 |     1 |       ||    14
       Scimitar          |       |     8 |       ||     8
       Trident           |       |     8 |    10 ||    18
 Cast: Magic Dart        |    98 |   129 |     3 ||   230
       Call Imp          |     3 |     4 |       ||     7
       Mephitic Cloud    |     3 |     4 |     2 ||     9
       Blink             |       |     1 |     1 ||     2
 Stab: Sleeping          |     1 |       |       ||     1
       Confused          |     2 |     1 |     1 ||     4
       Distracted        |     1 |     1 |       ||     2
Armor: Robe              |       |     8 |       ||     8
       Leather armour    |       |     3 |     3 ||     6
Dodge: Dodged            |    29 |    29 |    14 ||    72

Table legend: (Time is in decaauts)
 A = Elapsed time spent in this place.
 B = Non-inter-level travel time spent in this place.
 C = Inter-level travel time spent in this place.
 D = Time resting spent in this place.
 E = Time spent auto-exploring this place.
 F = Levels seen in this place.
 G = Mean time per level.
                   A        B        C        D        E       F      G
               +--------+--------+--------+--------+--------+-----+--------+
         Total |   4990 |   4845 |    145 |    374 |   3875 |   5 |  998.0 |
       Dungeon |   4990 |   4845 |    145 |    374 |   3875 |   5 |  998.0 |
               +--------+--------+--------+--------+--------+-----+--------+

Top non-repeatable levels by time:
     D:4: 1845 daAuts
     D:2: 1365 daAuts
     D:1: 1049 daAuts
     D:3: 707 daAuts
     D:5: 23 daAuts
